 Dungeon Crawl Stone Soup version 0.27-a0-419-g7a85846853 (webtiles) character file.

Game seed: 12270880228284061802

149 Chiseanne the Magician (level 5, 0/41 HPs)
             Began as a Demonspawn Wanderer on Feb 26, 2021.
             Killed from afar by Ijyb (12 damage)
             ... with a bolt of acid
             ... on level 4 of the Dungeon.
             The game lasted 00:04:11 (3137 turns).

Chiseanne the Magician (Demonspawn Wanderer)        Turns: 3137, Time: 00:04:12

Health: 0/41       AC:  5    Str: 14    XL:     5   Next: 9%
Magic:  12/12      EV: 11    Int: 13    God:
Gold:   149        SH:  3    Dex: 12    Spells: 14/14 levels left

rFire    . . .     SeeInvis .   w - +0 hand crossbow
rCold    . . .     Faith    .   t - +0 buckler
rNeg     . . .     Spirit   .   e - +0 robe
rPois    .         Reflect  .   r - +1 helmet
rElec    .         Harm     .   (no cloak)
rCorr    .         Rampage  .   p - +0 pair of gloves
Will     .....                  (no boots)
Stlth    ++........             (no amulet)
HPRegen  0.13/turn              (no ring)
MPRegen  0.26/turn              (no ring)

@: no status effects
A: powered by pain 2, magic regeneration
a: no special abilities


You were on level 4 of the Dungeon.
You visited 1 branch of the dungeon, and saw 4 of its levels.

You collected 149 gold pieces.

Inventory:

Hand Weapons
 a - a +2 hand axe of venom
 w - a +0 hand crossbow (weapon)
Missiles
 b - 4 javelins
 c - 104 stones
 d - 8 bolts (quivered ammo)
 f - 76 sling bullets
 i - 12 arrows
 q - 17 poisoned darts
Armour
 e - a +0 robe (worn)
 p - a +0 pair of gloves (worn)
 r - a +1 helmet (worn)
 t - a +0 buckler (worn)
Wands
 o - a wand of acid (10)
Scrolls
 g - 2 scrolls of amnesia
 m - a scroll of identify {unknown}
Potions
 h - 3 potions of heal wounds {unknown}
 j - a potion of attraction {unknown}
 k - 2 potions of curing {unknown}
 l - a potion of invisibility {unknown}
 n - a potion of might
 s - a potion of cancellation {unknown}


   Skills:
 * Level 3.4 Fighting
 * Level 2.6 Crossbows
 - Level 1.0 Throwing
 * Level 2.3 Dodging
 - Level 1.0 Stealth
 * Level 0.0 Shields
 - Level 5.0 Spellcasting


You had 14 spell levels left.
You didn't know any spells.
Your spell library contained the following spells:

 Spells                   Type           Power        Failure   Level
 Foxfire                  Conj/Fire      12%          30%         1
 Magic Dart               Conj           12%          30%         1
 Blink                    Tloc           N/A          43%         2
 Call Imp                 Summ           3%           43%         2
 Slow                     Hex            3%           43%         2
 Conjure Flame            Conj/Fire      3%           67%         3
 Ignite Poison            Fire/Tmut/Pois 3%           67%         3
 Mephitic Cloud           Conj/Pois/Air  3%           67%         3


Dungeon Overview and Level Annotations

Branches:
Dungeon (4/15)
 Temple: D:4-7

Altars:
Zin

Annotations:
D:4 Ijyb


Innate Abilities, Weirdness & Mutations

You sometimes gain power by taking damage.
You regenerate magic rapidly.


Message History

You see here a +0 buckler.
t - a +0 buckler You start putting on your armour.
You continue putting on your +0 buckler. x4
You finish putting on your +0 buckler.
Done exploring.
(D) Dungeon
Where to? (Enter - D:3 @ (x,y), ? - help)
There is a stone staircase leading down here.
You climb downwards.
Found a plate armour.
There is a stone staircase leading up here.
You open the door.
There is an open door here.
You now have 141 gold pieces (gained 15).
You now have 149 gold pieces (gained 8).
g - 2 scrolls of amnesia (gained 1)
You open the door.
There is an open door here.
There is an open door here.
Ijyb the Twisted Goblin comes into view.
She is carrying a wand of acid (4).
Fire: 11 bolts
Press: ? - help, Q - select action, (/) - cycle Shift-Dir - straight line, f - Ijyb
Aim: Ijyb, wearing a +0 ring mail and carrying a wand of acid (4) (asleep, 98% to hit)
You shoot a bolt. The bolt hits Ijyb.
Ijyb is lightly wounded.
Fire: 10 bolts
Press: ? - help, Q - select action, (/) - cycle Shift-Dir - straight line, f/p - Ijyb
Aim: Ijyb, wearing a +0 ring mail and carrying a wand of acid (4) (lightly wounded, 60% to hit)
You shoot a bolt. The bolt hits Ijyb!
Ijyb is heavily wounded.
Fire: 9 bolts
Press: ? - help, Q - select action, (/) - cycle Shift-Dir - straight line, f/p - Ijyb
Aim: Ijyb, wearing a +0 ring mail and carrying a wand of acid (4) (heavily wounded, 60% to hit)
You shoot a bolt. The bolt hits Ijyb.
Ijyb is severely wounded.
Ijyb zaps a wand.
The bolt of acid hits you!
You are splashed with acid!
* * * LOW HITPOINT WARNING * * *
Ijyb zaps a wand.
The bolt of acid hits you!
You die...

#####
#.#####...#
#((g......#
#@..# #...#
#...# #...#
#...#
#...###
##....#
#####.###
+.......#


You could see Ijyb.

Vanquished Creatures
  2 adders (D:2)
  4 gnolls
  4 oozes
  2 worms
  2 dart slugs (D:1)
  5 leopard geckos
  An orc (D:3)
  4 giant cockroaches
  2 goblins
  3 hobgoblins (D:1)
  9 jackals
  A ball python (D:3)
  4 bats
  5 frilled lizards
  10 kobolds
  6 rats
64 creatures vanquished.

Notes
Turn   | Place    | Note
-------+----------+-------------------------------------------
     0 | D:1      | Chiseanne the Demonspawn Wanderer began the quest for the
                  | Orb.
     0 | D:1      | Chiseanne set off with the following items: a +0 hand
                  | crossbow, 27 bolts, a +0 robe; and the following spells
                  | available to memorise: Foxfire, Magic Dart, Blink, Call
                  | Imp, Slow, Conjure Flame, Ignite Poison, Mephitic Cloud
     0 | D:1      | Reached XP level 1. HP: 16/16 MP: 6/6
   154 | D:1      | Gained mutation: You regenerate magic rapidly. [demonic
                  | ancestry]
   154 | D:1      | Reached XP level 2. HP: 14/22 MP: 8/8
   281 | D:1      | Reached skill level 1 in Dodging
   526 | D:1      | Reached XP level 3. HP: 28/28 MP: 9/9
   880 | D:1      | Gained mutation: You sometimes gain a little power by
                  | taking damage. [demonic ancestry]
   880 | D:1      | Reached XP level 4. HP: 14/34 MP: 11/11
  2561 | D:3      | Gained mutation: You sometimes gain power by taking damage.
                  | [demonic ancestry]
  2561 | D:3      | Reached XP level 5. HP: 41/41 MP: 12/12
  2762 | D:3      | Found a glowing silver altar of Zin.
  3134 | D:4      | Noticed Ijyb
  3137 | D:4      | Killed from afar by Ijyb

Illustrated notes

Levels and vault maps discovered:
D:1:      sevenhm_arrival_forest_fort_large_4, layout_basic, serial_aquarium,
          aquarium_bridge_straight [aquarium_subvault_bridge,
          aquarium_subvault_wall, aquarium_subvault_bridge,
          aquarium_subvault_wall], aquarium_window_fake, aquarium_window_fake,
          aquarium_window_2, aquarium_window_corridor_1, aquarium_view_2a
D:2:      layout_basic
D:3:      layout_basic, zin_academy, wander_ebering_terrifying_dragon_lair
D:4:      layout_basic, nzn_wu_jian_council_hall, kennysheep_mini_moat,
          serial_shops, shop, uniq_ijyb

Skill      XL: |  1  2  3  4 |
---------------+-------------+-----
Dodging        | 1 2 |  2.3
Crossbows      | 2 |  2.6
Fighting       | 3 |  3.4
Throwing       | |  1.0
Stealth        | |  1.0
Spellcasting   | |  5.0

Action                   |  1- 3 |  4- 6 || total
-------------------------+-------+-------++-------
Melee: Mace              |       |     8 ||     8
 Fire: Hand crossbow     |    57 |    94 ||   151
  Use: Scroll            |       |     1 ||     1
Armor: Robe              |       |    18 ||    18
Dodge: Dodged            |     9 |    59 ||    68

Table legend: (Time is in decaauts)
 A = Elapsed time spent in this place.
 B = Non-inter-level travel time spent in this place.
 C = Inter-level travel time spent in this place.
 D = Time resting spent in this place.
 E = Time spent auto-exploring this place.
 F = Levels seen in this place.
 G = Mean time per level.
                   A        B        C        D        E       F      G
               +--------+--------+--------+--------+--------+-----+--------+
         Total |   3196 |   3103 |     93 |    477 |   2237 |   4 |  799.0 |
       Dungeon |   3196 |   3103 |     93 |    477 |   2237 |   4 |  799.0 |
               +--------+--------+--------+--------+--------+-----+--------+

Top non-repeatable levels by time:
     D:2: 1147 daAuts
     D:1: 1123 daAuts
     D:3: 859 daAuts
     D:4: 66 daAuts
